 Dungeon Crawl Stone Soup version 0.27.1-1-g398f81649c (webtiles) character file.

Game seed: 9569459836557864470

11347 Borgoz the Carver (level 11, -9/71 HPs)
             Began as a Gargoyle Fighter on Sept 20, 2021.
             Was a Believer of Ashenzari.
             Killed by divine providence
             ... invoked by a meliai
              (15 damage)
             ... on level 11 of the Dungeon.
             The game lasted 00:22:20 (12883 turns).

Borgoz the Carver (Gargoyle Fighter)               Turns: 12883, Time: 00:22:21

Health: -9/71      AC: 26    Str: 21    XL:     11   Next: 76%
Magic:  8/11       EV: 16    Int:  6    God:    Ashenzari [**....]
Gold:   621        SH: 12    Dex: 18    Spells: 7/10 levels left

rFire    + . .     SeeInvis +   y - +9 falchion "Negation of Ashenzari" {vorpal, rElec Dex+3, Range, Elem} (curse)
rCold    . . .     Faith    .   c - +0 kite shield of Curses and Power {Bglg, Range} (curse)
rNeg     + . .     Spirit   .   n - +5 scale mail "Zadegaet" {Rampage Int-2 Dex+3 SInv}
rPois    ∞         Reflect  .   (no helmet)
rElec    +         Harm     .   s - +2 cloak "Seer of Ashenzari" {Stlth+, Evo, Melee} (curse)
rCorr    .         Rampage  +   j - +0 pair of gloves of the Lashed Augurer {Evo, Bglg} (curse)
Will     .....                  (no boots)
Stlth    +.........             (no amulet)
HPRegen  0.21/turn              A - ring of protection from fire
MPRegen  0.12/turn              i - +4 ring of evasion

@: no status effects
A: sickness immunity, AC +8, negative energy resistance 1, electricity
resistance, torment resistance 1, petrification resistance
a: Renounce Religion, Shatter the Chains


You were on level 11 of the Dungeon.
You worshipped Ashenzari.
Ashenzari was pleased with you.
You visited 1 branch of the dungeon, and saw 11 of its levels.

You collected 751 gold pieces.
You spent 130 gold pieces at shops.

Inventory:

Hand Weapons
 q - a +0 great sword
 y - the cursed +9 falchion "Negation of Ashenzari" (weapon) {vorpal, rElec Dex+3, Range, Elem}
   (You found it on level 7 of the Dungeon)

   It inflicts extra damage upon your enemies.
   Dex:       It affects your dexterity (+3).
   rElec:     It insulates you from electricity.
   It has a curse which improves the following skills: Ranged Combat: Slings,
   Bows, Crossbows and Throwing.
   Elements:  Fire Magic, Ice Magic, Air Magic and Earth Magic.
Armour
 c - the cursed +0 kite shield of Curses and Power (worn) {Bglg, Range}

   It has a curse which improves the following skills: Beguiling: Conjurations,
   Hexes and Translocations.
   Ranged Combat: Slings, Bows, Crossbows and Throwing.
 j - the cursed +0 pair of gloves of the Lashed Augurer (worn) {Evo, Bglg}
   (You found it on level 2 of the Dungeon)

   It has a curse which improves the following skills: Evocations: Evocations.
   Beguiling: Conjurations, Hexes and Translocations.
 n - the +5 scale mail "Zadegaet" (worn) {Rampage Int-2 Dex+3 SInv}
   (You found it on level 4 of the Dungeon)

   Int:       It affects your intelligence (-2).
   Dex:       It affects your dexterity (+3).
   SInv:      It lets you see invisible.
   Rampage:   It bestows one free step when moving towards enemies.
 s - the cursed +2 cloak "Seer of Ashenzari" (worn) {Stlth+, Evo, Melee}
   (You took it off Crazy Yiuf on level 5 of the Dungeon)

   It has a curse which improves the following skills: Evocations: Evocations.
   Melee Combat: Short Blades, Long Blades, Axes, Maces & Flails, Polearms,
   Staves and Unarmed Combat.
 w - +0 steam dragon scales
 B - a +1 scale mail of cold resistance
Jewellery
 g - a ring of see invisible
 i - a +4 ring of evasion (right hand)
 x - a ring of positive energy
 A - a ring of protection from fire (left hand)
Wands
 d - a wand of flame (23)
 o - a wand of paralysis (8)
 D - a wand of iceblast (10)
Scrolls
 e - a scroll of fear
 h - 3 scrolls of silence
 k - 2 scrolls of enchant weapon
 l - 4 scrolls of amnesia
 m - 3 scrolls of teleportation
 p - 2 scrolls of magic mapping
 C - a scroll of blinking
Potions
 a - 5 potions of brilliance
 b - a potion of resistance
 f - 3 potions of attraction
 r - a potion of flight
 t - 2 potions of curing
 u - a potion of heal wounds
 v - 2 potions of mutation
 z - a potion of magic


   Skills:
 * Level 9.1 Fighting
 * Level 9.6(10.9) Long Blades
 * Level 9.1 Armour
 * Level 6.3 Dodging
 + Level 8.4 Shields
 + Level 2.2(4.0) Evocations


You had 7 spell levels left.
You knew the following spells:

 Your Spells              Type           Power      Damage    Failure   Level
a - Confusing Touch       Hex            0%         N/A       100%        3

Your spell library contained the following spells:

 Spells                   Type           Power      Damage    Failure   Level
 Sandblast                Erth           0%         2d4       94%         1
 Passwall                 Tmut/Erth      0%         N/A       98%         2
 Slow                     Hex            0%         N/A       98%         2
 Gell's Gravitas          Tloc           0%         N/A       100%        3
 Lesser Beckoning         Tloc           0%         N/A       100%        3
 Portal Projectile        Hex/Tloc       0%         N/A       100%        3
 Swiftness                Air            0%         N/A       100%        3
 Teleport Other           Tloc           0%         N/A       100%        3
 Vampiric Draining        Necr           0%         2d6       100%        3
 Olgreb's Toxic Radiance  Pois           0%         N/A       100%        4
 Blade Hands              Tmut           0%         N/A       100%        5
 Excruciating Wounds      Necr           0%         N/A       100%        5
 Lee's Rapid Deconstruct  Erth           0%         3d5*      100%        5
 Yara's Violent Unravell  Hex/Tmut       0%         3d3       100%        5
 Invisibility             Hex            0%         N/A       100%        6
 Ozocubu's Refrigeration  Ice            0%         4d5       100%        7
 Ignition                 Fire           0%         3d3       100%        8


Dungeon Overview and Level Annotations

Branches:
Dungeon (11/15)            Temple (0/1) D:7            Lair (0/6) D:8
    Orc (0/2) D:9

Altars:
Ashenzari
Cheibriados
Fedhas
Hepliaklqana
Makhleb
Okawaru
Ru
Sif Muna
Trog
Uskayaw
Vehumet
Yredelemnul
Zin
The Shining One
Beogh

Shops:
D:1 *   D:2 *!(   D:6 (   D:7 (


Innate Abilities, Weirdness & Mutations

You are immune to sickness and miasma.
Your stone body is resilient. (AC +8)
You are immune to poison.
You resist negative energy. (rN+)
You are resistant to electric shocks. (rElec)
You are resistant to unholy torment.
You are immune to petrification.


Message History

The meliai is healed somewhat.
The meliai mumbles some strange prayers to its god against you.
Something smites you! The meliai completely misses you. The meliai stings you.
The meliai invokes the aid of its god against you.
Something smites you!
* * * LOW HITPOINT WARNING * * *
The meliai hits you but does no damage. You block the meliai's attack.
The meliai hits you with a +0 hand axe.
* * * LOW HITPOINT WARNING * * *
The meliai misses you.
The meliai calls upon its god to heal the meliai.
The meliai's wounds heal themselves!
The meliai barely misses you. The meliai stings you.
* * * LOW HITPOINT WARNING * * *
You feel much better. You block the meliai's attack.
The meliai stings you but does no damage.
You block the meliai's attack. The meliai barely misses you.
You slash the meliai!
The meliai is heavily wounded.
The meliai invokes the aid of its god against you.
Something smites you!
* * * LOW HITPOINT WARNING * * *
You block the meliai's attack. The meliai misses you.
The meliai calls down the wrath of its god upon you.
Something smites you!
* * * LOW HITPOINT WARNING * * *
The meliai calls upon its god to heal the meliai.
The meliai is healed somewhat.
The meliai barely misses you. The meliai closely misses you.
You feel much better. The meliai closely misses you.
You block the meliai's attack.
The meliai calls down the wrath of its god upon you.
Something smites you!
* * * LOW HITPOINT WARNING * * *
The meliai mumbles some strange prayers to its god against you.
Something smites you!
* * * LOW HITPOINT WARNING * * *
The meliai mumbles some strange prayers to its god against you.
Something smites you!
You die...

####### #(..... ,
##################......
........................
, *
######@##########......
, #y# * #..?... * ,
#yy...... *#......
#........ *#...... *
#........,*#...... * ,
,......... *#...... *
,.........,*#...... , ,,
......... *#.(.... ,*
,....###### #.###..


You could see 3 meliai.

Vanquished Creatures
  An ogre mage (D:10)
  3 two-headed ogres
  Pikel (D:7)
  A cyclops (D:7)
  2 kobold demonologists (D:10)
  A meliai zombie (D:10)
  2 wyverns
  7 yaks
  2 wraiths (D:10)
  2 fire bats (D:4)
  2 steam dragons
  Duvessa (D:5)
  2 water moccasins (D:7)
  3 orc warriors
  2 hornet zombies (D:7)
  2 black bears
  2 necrophages (D:7)
  5 centaurs
  2 lemures (D:7)
  2 kobold brigands (D:10)
  6 bullfrogs
  A gnoll sergeant (D:10)
  2 wyvern zombies
  2 scorpions
  Dowan (D:5)
  A water moccasin skeleton (D:4)
  A wight (D:7)
  6 electric eels (D:10)
  2 howler monkeys
  3 bullfrog zombies
  3 hounds
  6 centaur zombies
  Crazy Yiuf (D:5)
  A bullfrog skeleton (D:5)
  A jelly (D:3)
  9 orc priests
  A human zombie (D:7)
  A centaur skeleton (D:7)
  3 iguanas
  13 orc wizards
  3 killer bee zombies (D:7)
  A hound skeleton (D:5)
  3 mummies (D:7)
  2 howler monkey zombies (D:9)
  7 gnolls
  5 adders
  A shadow imp (D:8)
  A white imp (D:5)
  2 ufetubi
  An adder skeleton (D:4)
  2 dart slugs (D:3)
  50 orcs
  7 ball pythons
  3 bats
  5 endoplasms
  4 giant cockroaches
  8 hobgoblins
  3 jackals
  11 kobolds
  5 quokkas
  5 frilled lizards
  9 goblins
  3 rats
250 creatures vanquished.

Vanquished Creatures (others)
  2 fungi (D:8)
  17 plants
19 creatures vanquished.

Grand Total: 269 creatures vanquished

Notes
Turn   | Place    | Note
-------+----------+-------------------------------------------
     0 | D:1      | Borgoz the Gargoyle Fighter began the quest for the Orb.
     0 | D:1      | Reached XP level 1. HP: 14/14 MP: 1/1
   203 | D:1      | Found Jihier's Assorted Antiques.
   216 | D:1      | Reached XP level 2. HP: 19/19 MP: 2/2
   608 | D:1      | Found a hazy altar of Hepliaklqana.
   938 | D:2      | Found Derost's Antique Weapon Emporium.
  1142 | D:2      | Reached XP level 3. HP: 21/23 MP: 3/3
  1300 | D:2      | Found a faded altar of an unknown god.
  1364 | D:2      | Found Itayruo's Assorted Antiques.
  1379 | D:2      | Found Zaad's Distillery.
  2103 | D:3      | Reached skill level 1 in Dodging
  2103 | D:3      | Reached XP level 4. HP: 28/28 MP: 4/4
  2109 | D:3      | Found a broken altar of Ashenzari.
  2125 | D:3      | Became a worshipper of Ashenzari the Shackled
  2811 | D:4      | Reached XP level 5. HP: 30/33 MP: 5/5
  3030 | D:4      | Learned a level 3 spell: Confusing Touch
  3154 | D:4      | Reached XP level 6. HP: 33/38 MP: 6/6
  3214 | D:4      | Found a transporter.
  3217 | D:4      | Noticed a fire bat
  3222 | D:4      | Noticed a fire bat
  3618 | D:4      | Found a shimmering blue altar of Sif Muna.
  3665 | D:4      | Found a transporter.
  3829 | D:4      | Identified the +5 scale mail "Zadegaet" {Rampage Int-2
                  | Dex+3 SInv}
  4218 | D:4      | Killed a fire bat
  4219 | D:4      | Reached XP level 7. HP: 19/44 MP: 7/7
  4243 | D:4      | Killed a fire bat
  4495 | D:5      | Entered Level 5 of the Dungeon
  4778 | D:5      | Reached skill level 5 in Fighting
  4778 | D:5      | Reached skill level 5 in Armour
  4854 | D:5      | Reached skill level 5 in Shields
  5149 | D:5      | Reached XP level 8. HP: 49/49 MP: 8/8
  5228 | D:5      | Noticed a wyvern
  5246 | D:5      | Killed a wyvern
  5247 | D:5      | Reached skill level 5 in Long Blades
  5472 | D:5      | Found a radiant altar of Vehumet.
  5472 | D:5      | Noticed Dowan
  5472 | D:5      | Noticed Duvessa
  5955 | D:5      | Killed Duvessa
  6225 | D:5      | Killed Dowan
  6284 | D:5      | Found a runed translucent door.
  6285 | D:5      | Noticed Crazy Yiuf
  6361 | D:5      | Killed Crazy Yiuf
  6505 | D:6      | Found Gohuneny's Weapon Shop.
  6891 | D:1      | Bought a runed long sword for 130 gold pieces
  7315 | D:6      | Found a glowing silver altar of Zin.
  7434 | D:6      | Found a blossoming altar of Fedhas.
  7649 | D:7      | Found Xumeush's Antique Weapon Emporium.
  7655 | D:7      | Noticed a cyclops
  7665 | D:7      | Killed a cyclops
  7666 | D:7      | Reached XP level 9. HP: 40/55 MP: 9/9
  7791 | D:7      | Found a snail-covered altar of Cheibriados.
  7791 | D:7      | Found a sacrificial altar of Ru.
  7791 | D:7      | Found a burning altar of Makhleb.
  8020 | D:7      | Found a staircase to the Ecumenical Temple.
  8031 | D:7      | Found a glowing golden altar of the Shining One.
  8045 | D:7      | Noticed Pikel
  8065 | D:7      | Killed Pikel
  8496 | D:7      | Found a basalt altar of Yredelemnul.
  8639 | D:7      | Identified the +9 falchion of the Abyss {vorpal, rElec
                  | Dex+3}
  8857 | D:7      | Reached XP level 10. HP: 58/61 MP: 10/10
  9186 | D:7      | Found a bloodstained altar of Trog.
  9186 | D:7      | Identified the Papyrus of Retrieval
  9280 | D:8      | Found an iron altar of Okawaru.
  9672 | D:8      | Found a hide-covered altar of Uskayaw.
 10424 | D:8      | Found a staircase to the Lair.
 10630 | D:9      | Reached skill level 5 in Dodging
 10730 | D:9      | Found a staircase to the Orcish Mines.
 10808 | D:9      | Reached * piety under Ashenzari
 10826 | D:9      | Noticed a two-headed ogre
 10834 | D:9      | Killed a two-headed ogre
 11335 | D:9      | Noticed a two-headed ogre
 11363 | D:9      | Killed a two-headed ogre
 11364 | D:9      | Reached XP level 11. HP: 36/68 MP: 11/11
 11559 | D:9      | Reached ** piety under Ashenzari
 11691 | D:10     | Entered Level 10 of the Dungeon
 11740 | D:10     | Found a runed translucent door.
 11757 | D:10     | Noticed an ogre mage
 11867 | D:10     | Reached skill level 1 in Evocations
 12556 | D:10     | Killed an ogre mage
 12695 | D:11     | Noticed a two-headed ogre
 12705 | D:11     | Killed a two-headed ogre
 12882 | D:11     | HP: 3/71 [meliai/divine providence (11)]
 12883 | D:11     | Killed from afar by a meliai

Illustrated notes

Levels and vault maps discovered:
D:1:      dpeg_arrival_shrine, layout_basic, serial_shops, shop,
          kennysheep_flooded_box, item_on_display_a
D:2:      layout_basic, ebering_ecumenical_altar_petrified, serial_shops, shop,
          shop_statue, nicolae_shop_overgrown_old_shop, grunt_decor_junction
D:3:      layout_basic, mainiacjoe_overflow_brackets, serial_bayou_pond_a,
          minmay_vboxes
D:4:      gammafunk_cloud_chamber, layout_basic, mainiacjoe_overflow_alcove_4
D:5:      layout_cave_pools, vehumet_altar_wand_db, palyth_stone_intersect,
          uniq_crazy_yiuf_cottage, uniq_duvessa
D:6:      layout_rooms, zin_treasury, fedhas_altar_fruit_tree, serial_shops,
          shop, wad_woods_river_04, grunt_decor_clamped
D:7:      layout_basic, mainiacjoe_overflow_alcove_2, trog_book,
          lemuel_mausoleum_altar_yredelemnul, gammafunk_temple_overflow_claw,
          minmay_temple_entry_antechambers, serial_shops, shop_statue,
          grunt_tough_drop, uniq_pikel
D:8:      layout_layer_cave, mainiacjoe_overflow_large_starburst,
          grunt_lair_entry_orc_guard_hut
D:9:      layout_loops_corners, minmay_orc_entry_temple_small
D:10:     layout_basic, minmay_st_funbox, kennysheep_boxes
D:11:     cheibrodos_shockbox, layout_basic, minmay_misc_feat_enclosed

Skill      XL: |  1  2  3  4  5  6  7  8  9 10 11 |
---------------+----------------------------------+-----
Long Blades    | 2 3 4 6 7 9 |  9.6
Dodging        | 1 2 3 4 5 6 |  6.3
Armour         | 4 5 6 8 9 |  9.1
Shields        | 4 5 6 7 8 |  8.4
Fighting       | 4 5 6 8 9 |  9.1
Evocations     | 2 |  2.2

Action                   |  1- 3 |  4- 6 |  7- 9 | 10-12 || total
-------------------------+-------+-------+-------+-------++-------
Melee: Long sword        |   128 |   163 |   431 |     8 ||   730
       Falchion          |       |       |       |   334 ||   334
Invok: Curse Item        |       |     1 |     1 |     4 ||     6
       Shatter the Chain |       |       |     1 |     1 ||     2
Evoke: Wand              |       |       |       |     1 ||     1
  Use: Potion            |       |     3 |     1 |     5 ||     9
       Scroll            |       |       |     2 |       ||     2
 Stab: Invisible         |       |       |     2 |       ||     2
       Sleeping          |       |       |     1 |     1 ||     2
       Paralysed         |       |       |       |     5 ||     5
Armor: Scale mail        |    78 |    96 |   219 |   112 ||   505
Dodge: Dodged            |    61 |    96 |   250 |   185 ||   592
Block: Kite shield       |    84 |    93 |   250 |   199 ||   626
       Rpst.: Long sword |    22 |    30 |    66 |     2 ||   120
       Falchion          |       |       |       |    41 ||    41
